 Dungeon Crawl Stone Soup version 0.31.0-11-ge490571c62 (webtiles) character file.

Game seed: 6104255227321965795

5503 qw the Skirmisher (level 10, 0/61 HPs)
             Began as a Deep Elf Hunter on Feb 3, 2024.
             Was a Priest of Okawaru.
             Shot with an arrow by a centaur (1 damage)
             ... on level 9 of the Dungeon.
             The game lasted 00:00:47 (7541 turns).

qw the Skirmisher (Deep Elf Hunter)                 Turns: 7541, Time: 00:00:47

Health: 0/61       AC: 14    Str: 12    XL:     10   Next: 42%
Magic:  15/15      EV: 15    Int: 15    God:    Okawaru [***...]
Gold:   366        SH:  0    Dex: 18    Spells: 9/9 levels left

rFire   . . .        a - +2 shortbow (drain)
rCold   . . .        (shield currently unavailable)
rNeg    . . .        h - +3 ring mail {rPois}
rPois   +            g - +2 helmet
rElec   .            k - +0 cloak
rCorr   .            (no gloves)
SInv    .            n - +0 pair of boots
Will    +....        (no amulet)
Stlth   +            (no ring)
HPRegen 0.30/turn    (no ring)
MPRegen 0.14/turn

%: no passive effects
@: about to teleport
A: no striking features
a: Renounce Religion, Heroism


You were on level 9 of the Dungeon.
You worshipped Okawaru.
Okawaru was most pleased with you.
You visited 1 branch of the dungeon, and saw 9 of its levels.
You also visited: Sewer.

You collected 736 gold pieces.
You spent 370 gold pieces at shops.


   Skills:
 + Level 6.6 Fighting
 - Level 14.0 Ranged Weapons
 - Level 3.0 Armour
 - Level 9.0 Dodging
 - Level 1.2 Stealth
 - Level 4.0 Invocations


You had 9 spell levels left.
You didn't know any spells.
Your spell library was empty.

Inventory:

Hand Weapons
 a - a +2 shortbow of draining (weapon)
Armour
 g - a +2 helmet (worn)
 h - a +3 ring mail of poison resistance (worn)
 j - the +3 ring mail of Enot {Dex+4}
   (You found it on level 6 of the Dungeon)

   Dex+4:     It affects your dexterity (+4).
 k - a +0 cloak (worn)
 n - a +0 pair of boots (worn)
Jewellery
 i - an amulet of guardian spirit
Wands
 f - a wand of light (8)
 o - a wand of polymorph (6)
Scrolls
 l - 8 scrolls of teleportation
 q - 5 scrolls of identify
Potions
 b - 6 potions of curing
 c - 3 potions of enlightenment
 d - 4 potions of mutation
 e - 2 potions of might
 m - a potion of cancellation
 p - a potion of resistance

Dungeon Overview and Level Annotations

Branches:
Dungeon (9/15)             Temple (0/1) D:5           Sewer (visited)
   Lair: D:8-11         Orc: D:9-12

Altars:
Fedhas
Hepliaklqana
Kikubaaqudgha
Okawaru
Sif Muna
Xom
The Shining One

Shops:
D:1 !   D:5 *   D:7 ?   D:9 ?

Annotations:
D:5 2 runed translucent doors, qw's ghost, novice SpHu
D:9 exclusion: 5 centaurs


Message History

Enter note:
Enter note:
Enter note:
Enter note:
Enter note:
Enter note:
Enter note:
Enter note:
Enter note: The centaur shoots an arrow.
The arrow hits you.
Enter note:
Enter note:
Enter note:
Enter note:
Enter note: The centaur shoots an arrow.
The arrow barely misses you.
The centaur shoots an arrow.
The arrow closely misses you.
The centaur shoots an arrow.
The arrow hits you.
The centaur shoots an arrow.
The arrow hits you but does no damage.
The centaur shoots an arrow.
The arrow misses you.
The centaur shoots an arrow.
The arrow barely misses you.
You hear a shout!
Enter note:
Enter note:
Enter note:
Enter note:
Enter note:
7540 ||| READING 9 scrolls of teleportation.
As you read the scroll of teleportation, it crumbles to dust.
You feel strangely unstable.
The centaur shoots an arrow.
The arrow hits you.
The centaur shoots an arrow.
The arrow hits you.
The centaur shoots an arrow.
The arrow hits you but does no damage.
The centaur shoots an arrow.
The arrow closely misses you.
The centaur shoots an arrow.
The arrow hits you but does no damage.
The centaur shoots an arrow.
The arrow closely misses you.
The centaur shoots an arrow.
The arrow hits you but does no damage.
The centaur shoots an arrow.
The arrow hits you.
The centaur shoots an arrow.
The arrow hits you but does no damage.
The centaur shoots an arrow.
The arrow hits you.
You die...

#....###....#
##....7..7.......
......##....#
#.....)777..#.##.
......##....#
##.............##.
............#
#..............##.
............#
#...<.....##.#.##.
............#
#.........#..#.##.
............#
##...........#.##.
....####....######.......#..#.
#.
....#######.....@........#..#
#. ........#........#...#####
## #. ........#........+...+
#. ........~~~~~~...#...# #.
......~~~~~~~~~~~.> + #.
#####~~~~~cc~~~~~~.. #.
~~~~~~.####c~~~~.. .. #.
##~~~~~~~. ##c~~~~# ####..#.
~~~~~~~ . ..#..#.


You could see 4 centaurs.

Vanquished Creatures
  A two-headed ogre (D:7)
  Maggie (D:7)
  A hornet (D:7)
  Grinder (D:4)
  5 yaks (D:9)
  Sigmund (D:4)
  A wyvern (D:8)
  Edmund (D:4)
  An ice beast (D:6)
  A black bear (D:5)
  An orc warrior (D:7)
  2 sky beasts
  2 centaurs
  2 kobold brigands
  A phantom (D:6)
  5 scorpions
  4 bullfrogs
  5 wights (D:6)
  11 killer bees (D:9)
  A howler monkey (D:9)
  4 bombardier beetles
  6 hounds
  3 orc priests
  2 iguanas
  9 orc wizards
  12 gnolls
  4 adders
  A river rat (D:5)
  A dart slug (D:4)
  25 orcs
  7 ball pythons
  9 endoplasms
  5 giant cockroaches
  7 goblins
  6 hobgoblins
  8 jackals (D:1)
  39 kobolds
  4 quokkas
  4 bats
  5 frilled lizards
  3 rats
  A spectral goblin (D:4)
213 creatures vanquished.

Notes
Turn   | Place    | Note
-------+----------+-------------------------------------------
     0 | D:1      | qw the Deep Elf Hunter began the quest for the Orb.
     0 | D:1      | Reached XP level 1. HP: 12/12 MP: 3/3
     0 | D:1      | 0 ||| qw: Version: 0.3-a-158-g18b3111
     0 | D:1      | 0 ||| qw: Game counter: 4211
     0 | D:1      | 0 ||| qw: Melee chars always use a shield: true
     0 | D:1      | 0 ||| qw: God list: Okawaru
     0 | D:1      | 0 ||| qw: Allow faded altars: false
     0 | D:1      | 0 ||| qw: Do Orc after clearing Dungeon:15 true
     0 | D:1      | 0 ||| qw: Do second Lair branch before Depths: true
     0 | D:1      | 0 ||| qw: Lair rune preference: random
     0 | D:1      | 0 ||| qw: Goals: Normal
     0 | D:1      | 0 ||| PLANNING D:1-11
   109 | D:1      | Reached skill level 6 in Ranged Weapons
   109 | D:1      | Reached XP level 2. HP: 16/16 MP: 4/4
   190 | D:1      | Found Nabloxy's Distillery.
   199 | D:1      | 199 ||| BUYING potion of curing (36 gold).
   199 | D:1      | Bought a potion of curing for 36 gold pieces
   199 | D:1      | 199 ||| SHOPLISTING potion of curing (36 gold, have 24).
   199 | D:1      | 199 ||| SHOPLISTING potion of enlightenment (60 gold, have
                  | 24).
   199 | D:1      | 199 ||| SHOPLISTING potion of haste (120 gold, have 24).
   199 | D:1      | 199 ||| SHOPLISTING potion of resistance (120 gold, have
                  | 24).
   510 | D:1      | Reached XP level 3. HP: 20/20 MP: 5/5
   573 | D:1      | 573 ||| UPGRADING to amulet of guardian spirit.
   578 | D:1      | 578 ||| READING 2 scrolls labelled AJUWNAITOTZ.
   578 | D:1      | 578 ||| IDENTIFYING brown potion
   579 | D:1      | 579 ||| READING scroll of identify.
   579 | D:1      | 579 ||| IDENTIFYING sapphire potion
   580 | D:1      | 580 ||| READING scroll labelled VEENYR ZIHO.
   581 | D:1      | 581 ||| READING scroll labelled SUARUS CUMNOM.
   582 | D:1      | 582 ||| DROPPING scroll of butterflies.
   583 | D:1      | 583 ||| DROPPING potion of attraction.
   585 | D:1      | 585 ||| Stepping ~*~*~tactically~*~*~ (cloud).
   585 | D:1      | HP: 5/20 [poisoned by you (poison gas)]
   586 | D:1      | 586 ||| DRINKING potion of curing.
   586 | D:1      | 586 ||| (to cure poison)
   897 | D:2      | Reached skill level 7 in Ranged Weapons
  1149 | D:2      | 1149 ||| READING scroll of identify.
  1149 | D:2      | 1149 ||| IDENTIFYING cyan potion
  1150 | D:2      | 1150 ||| READING scroll labelled ZUFIOMM ZETIN.
  1155 | D:2      | 1155 ||| READING 2 scrolls labelled GOANGEMUPSI.
  1156 | D:2      | 1156 ||| READING scroll labelled DIVOEN MI DEI.
  1156 | D:2      | 1156 ||| ENCHANTING +0 shortbow.
  1157 | D:2      | 1157 ||| READING scroll labelled MAUWUU QAIM.
  1158 | D:2      | 1158 ||| DROPPING potion of magic.
  1159 | D:2      | 1159 ||| DROPPING scroll of noise.
  1261 | D:3      | Reached XP level 4. HP: 14/25 MP: 2/6
  1263 | D:3      | HP: 2/25 [orc/+0 flail (8)]
  1264 | D:3      | 1264 ||| READING scroll of teleportation.
  1486 | D:3      | Reached skill level 8 in Ranged Weapons
  1695 | D:3      | 1695 ||| UPGRADING to +0 scale mail.
  1705 | D:3      | 1705 ||| DROPPING +0 leather armour.
  1706 | D:3      | 1706 ||| UPGRADING to +1 helmet.
  1711 | D:3      | 1711 ||| UPGRADING to +0 cloak.
  1716 | D:3      | 1716 ||| UPGRADING to +0 ring mail.
  1726 | D:3      | 1726 ||| DROPPING +0 scale mail.
  1727 | D:3      | 1727 ||| READING scroll of identify.
  1727 | D:3      | 1727 ||| IDENTIFYING green potion
  1728 | D:3      | 1728 ||| READING scroll labelled LAALEB QOUWURA.
  1728 | D:3      | 1728 ||| BRANDING +1 shortbow.
  1729 | D:3      | 1729 ||| DRINKING 2 coppery potions.
  1736 | D:4      | 1736 ||| PLANNING OSSUARY
  1741 | D:4      | Reached XP level 5. HP: 25/29 MP: 5/7
  1931 | D:4      | Noticed Edmund
  1932 | D:4      | 1932 ||| DRINKING potion of haste.
  1938 | D:4      | Noticed Sigmund
  1942 | D:4      | Killed Edmund
  1943 | D:4      | Reached skill level 9 in Ranged Weapons
  1943 | D:4      | Reached XP level 6. HP: 29/34 MP: 6/8
  1950 | D:4      | Killed Sigmund
  1951 | D:4      | Reached skill level 3 in Fighting
  1952 | D:4      | 1952 ||| FLEEEEING.
  1954 | D:4      | 1954 ||| FLEEEEING.
  2075 | D:4      | Reached skill level 1 in Armour
  2084 | D:4      | HP: 9/37 [burnt (4)]
  2226 | D:4      | Noticed Grinder
  2228 | D:4      | 2228 ||| ZAPPING wand of light (12) at -5,5 (Grinder;
                  | floor).
  2229 | D:4      | 2229 ||| ZAPPING wand of light (11) at -4,4 (Grinder;
                  | floor).
  2233 | D:4      | 2233 ||| ZAPPING wand of light (10) at -1,3 (Grinder;
                  | floor).
  2234 | D:4      | 2234 ||| ZAPPING wand of light (9) at 0,2 (Grinder; floor).
  2234 | D:4      | Killed Grinder
  2235 | D:4      | Reached skill level 10 in Ranged Weapons
  2235 | D:4      | Reached XP level 7. HP: 41/41 MP: 9/9
  2281 | D:4      | 2281 ||| READING scroll of enchant weapon.
  2281 | D:4      | 2281 ||| ENCHANTING +1 shortbow of draining.
  2298 | D:4      | Found a hazy altar of Hepliaklqana.
  2307 | D:4      | Reached skill level 3 in Dodging
  2364 | D:4      | 2364 ||| RIP OSSUARY
  2365 | D:4      | 2365 ||| PLANNING D:1-11
  2472 | D:4      | Reached skill level 11 in Ranged Weapons
  2473 | D:4      | 2473 ||| FLEEEEING.
  2474 | D:4      | 2474 ||| FLEEEEING.
  2475 | D:4      | 2475 ||| FLEEEEING.
  2476 | D:4      | 2476 ||| FLEEEEING.
  2477 | D:4      | 2477 ||| FLEEEEING.
  2478 | D:4      | 2478 ||| FLEEEEING.
  2479 | D:4      | 2479 ||| FLEEEEING.
  2480 | D:4      | 2480 ||| FLEEEEING.
  2481 | D:4      | 2481 ||| FLEEEEING.
  2482 | D:4      | 2482 ||| FLEEEEING.
  2483 | D:4      | 2483 ||| FLEEEEING.
  2484 | D:4      | 2484 ||| FLEEEEING.
  2485 | D:4      | 2485 ||| FLEEEEING.
  2486 | D:4      | 2486 ||| FLEEEEING.
  2487 | D:4      | 2487 ||| FLEEEEING.
  2488 | D:4      | 2488 ||| FLEEEEING.
  2489 | D:4      | 2489 ||| FLEEEEING.
  2490 | D:4      | 2490 ||| FLEEEEING.
  2491 | D:4      | 2491 ||| FLEEEEING.
  2492 | D:4      | 2492 ||| FLEEEEING.
  2493 | D:4      | 2493 ||| FLEEEEING.
  2494 | D:4      | 2494 ||| FLEEEEING.
  2495 | D:4      | 2495 ||| FLEEEEING.
  2496 | D:4      | 2496 ||| FLEEEEING.
  2497 | D:4      | 2497 ||| FLEEEEING.
  2498 | D:4      | 2498 ||| FLEEEEING.
  2499 | D:4      | 2499 ||| FLEEEEING.
  2500 | D:4      | 2500 ||| FLEEEEING.
  2501 | D:4      | 2501 ||| FLEEEEING.
  2502 | D:4      | 2502 ||| STAIRDANCE
  2540 | D:3      | 2540 ||| UPGRADING to +3 ring mail of poison resistance.
  2550 | D:3      | 2550 ||| DROPPING +0 ring mail.
  2799 | D:4      | 2799 ||| READING scroll of identify.
  2799 | D:4      | 2799 ||| IDENTIFYING fuming clear potion
  2800 | D:4      | 2800 ||| DROPPING potion of ambrosia.
  2845 | D:5      | Entered Level 5 of the Dungeon
  2846 | D:5      | 2846 ||| PLANNING SEWER
  2900 | D:5      | Found a runed translucent door.
  2902 | D:5      | Noticed qw's ghost (novice SpHu)
  2935 | D:5      | Reached skill level 12 in Ranged Weapons
  2976 | D:5      | Found a staircase to the Ecumenical Temple.
  2983 | D:5      | Reached XP level 8. HP: 46/46 MP: 10/10
  3027 | D:5      | Found Bylinken's Elemental Accessories.
  3077 | D:5      | Found an iron altar of Okawaru.
  3408 | D:5      | Found a runed translucent door.
  3590 | D:5      | Found a glowing drain.
  3591 | D:5      | 3591 ||| READING scroll labelled GUTSOL LUXILO.
  3595 | Sewer    | Entered a sewer
  3624 | Sewer    | Identified the +1 hand axe of the Scavenger {elec, rN+
                  | rCorr}
  3811 | Sewer    | 3811 ||| READING scroll of identify.
  3811 | Sewer    | 3811 ||| IDENTIFYING fuming white potion
  3812 | Sewer    | 3812 ||| DRINKING 2 black potions.
  3827 | D:5      | 3827 ||| PLANNING OKAWARU WORSHIP
  3913 | D:5      | Became a worshipper of Warmaster Okawaru
  3914 | D:5      | 3914 ||| PLANNING D:1-11
  3914 | D:5      | 3914 ||| REMOVING amulet of guardian spirit.
  3998 | D:6      | 3998 ||| STAIRDANCE
  4008 | D:5      | 4008 ||| DRINKING potion of haste.
  4094 | D:6      | 4094 ||| STAIRDANCE
  4184 | D:6      | Reached skill level 13 in Ranged Weapons
  4194 | D:6      | 4194 ||| DRINKING 3 potions of curing.
  4194 | D:6      | 4194 ||| (to cure confusion)
  4220 | D:6      | Identified the +1 leather armour of the Bedazzled God
                  | {Rampage ^Drain rElec rC++}
  4277 | D:6      | Found a shimmering blue altar of Sif Muna.
  4296 | D:6      | Reached * piety under Okawaru
  4317 | D:6      | Reached skill level 1 in Invocations
  4321 | D:6      | HP: 10/42 [poisoned by a wight]
  4322 | D:6      | Reached skill level 14 in Ranged Weapons
  4326 | D:6      | HP: 5/44 [poisoned by a wight]
  4340 | D:6      | 4340 ||| DRINKING potion of heal wounds.
  4467 | D:6      | Identified the +3 ring mail of Enot {Dex+4}
  4515 | D:6      | Reached XP level 9. HP: 50/50 MP: 11/13
  4546 | D:6      | Reached skill level 3 in Invocations
  4819 | D:6      | 4819 ||| DROPPING +1 leather armour of the Bedazzled God
                  | {Rampage ^Drain rElec rC++}.
  4820 | D:6      | 4820 ||| READING scroll of identify.
  4820 | D:6      | 4820 ||| IDENTIFYING glowing white potion
  4821 | D:6      | 4821 ||| DRINKING 2 emerald potions.
  4822 | D:6      | 4822 ||| DROPPING potion of invisibility.
  4870 | D:7      | Noticed Maggie
  4871 | D:7      | 4871 ||| INVOKING Heroism.
  4877 | D:7      | 4877 ||| DRINKING 3 potions of curing.
  4877 | D:7      | 4877 ||| (to cure confusion)
  4888 | D:7      | Killed Maggie
  4888 | D:7      | Reached ** piety under Okawaru
  4888 | D:7      | HP: 11/51 [something/puff of flame (7)]
  4889 | D:7      | 4889 ||| READING 6 scrolls of teleportation.
  4893 | D:7      | 4893 ||| READING 5 scrolls of teleportation.
  5093 | D:7      | Found a glowing golden altar of the Shining One.
  5098 | D:7      | Found a shimmering altar of Xom.
  5118 | D:7      | Found Kigy's Magic Scroll Shop.
  5131 | D:7      | 5131 ||| BUYING scroll of enchant armour (97 gold).
  5131 | D:7      | Bought a scroll of enchant armour for 97 gold pieces
  5131 | D:7      | 5131 ||| BUYING scroll of identify (26 gold).
  5131 | D:7      | Bought a scroll of identify for 26 gold pieces
  5131 | D:7      | 5131 ||| BUYING scroll of identify (26 gold).
  5131 | D:7      | Bought a scroll of identify for 26 gold pieces
  5131 | D:7      | 5131 ||| BUYING scroll of identify (26 gold).
  5131 | D:7      | Bought a scroll of identify for 26 gold pieces
  5131 | D:7      | 5131 ||| BUYING scroll of teleportation (39 gold).
  5131 | D:7      | Bought a scroll of teleportation for 39 gold pieces
  5131 | D:7      | 5131 ||| READING scroll of enchant armour.
  5131 | D:7      | 5131 ||| ENCHANTING +1 helmet.
  5228 | D:7      | Reached skill level 6 in Dodging
  5355 | D:7      | Found an ancient bone altar of Kikubaaqudgha.
  5359 | D:7      | Found a blossoming altar of Fedhas.
  5390 | D:7      | Noticed a two-headed ogre
  5391 | D:7      | 5391 ||| INVOKING Heroism.
  5402 | D:7      | Killed a two-headed ogre
  5643 | D:7      | 5643 ||| UPGRADING to +0 pair of boots.
  5648 | D:7      | 5648 ||| READING 9 scrolls of identify.
  5648 | D:7      | 5648 ||| IDENTIFYING fuming yellow potion
  5649 | D:7      | 5649 ||| READING 8 scrolls of identify.
  5649 | D:7      | 5649 ||| IDENTIFYING scroll labelled MAUFFO ICUIS
  5650 | D:7      | 5650 ||| READING 7 scrolls of identify.
  5650 | D:7      | 5650 ||| IDENTIFYING scroll labelled ZERUUN AVVOGH
  5651 | D:7      | 5651 ||| READING 6 scrolls of identify.
  5651 | D:7      | 5651 ||| IDENTIFYING 2 scrolls labelled ALYISA NUCOHOU
  5652 | D:7      | 5652 ||| DROPPING potion of lignification.
  5653 | D:7      | 5653 ||| DROPPING scroll of fog.
  5654 | D:7      | 5654 ||| DROPPING scroll of immolation.
  5655 | D:7      | 5655 ||| DROPPING 2 scrolls of amnesia.
  5840 | D:8      | Reached XP level 10. HP: 59/59 MP: 15/15
  6595 | D:8      | 6595 ||| READING 5 scrolls of identify.
  6595 | D:8      | 6595 ||| IDENTIFYING metallic green potion
  6596 | D:8      | 6596 ||| READING 4 scrolls of identify.
  6596 | D:8      | 6596 ||| IDENTIFYING scroll labelled ZOUNIT DEZ DEF
  6597 | D:8      | 6597 ||| DROPPING scroll of silence.
  6639 | D:9      | 6639 ||| RETREEEEATING.
  6640 | D:9      | 6640 ||| RETREEEEATING.
  6641 | D:9      | 6641 ||| RETREEEEATING.
  6642 | D:9      | 6642 ||| RETREEEEATING.
  6643 | D:9      | 6643 ||| INVOKING Heroism.
  6651 | D:9      | Reached skill level 3 in Armour
  6685 | D:9      | Reached *** piety under Okawaru
  6686 | D:9      | Reached skill level 6 in Fighting
  6874 | D:9      | HP: 15/60 [poisoned by a killer bee]
  6875 | D:9      | 6875 ||| READING 9 scrolls of teleportation.
  6879 | D:9      | 6879 ||| READING 8 scrolls of teleportation.
  6881 | D:9      | HP: 12/60 [killer bee (1)]
  7102 | D:9      | Reached skill level 9 in Dodging
  7135 | D:9      | Found Qoxkaiwk's Magic Scroll Shoppe.
  7146 | D:9      | 7146 ||| SHOPLISTING scroll of acquirement (624 gold, have
                  | 452).
  7146 | D:9      | 7146 ||| BUYING scroll of identify (24 gold).
  7146 | D:9      | Bought a scroll of identify for 24 gold pieces
  7146 | D:9      | 7146 ||| BUYING scroll of identify (24 gold).
  7146 | D:9      | Bought a scroll of identify for 24 gold pieces
  7146 | D:9      | 7146 ||| BUYING scroll of teleportation (36 gold).
  7146 | D:9      | Bought a scroll of teleportation for 36 gold pieces
  7146 | D:9      | 7146 ||| BUYING scroll of teleportation (36 gold).
  7146 | D:9      | Bought a scroll of teleportation for 36 gold pieces
  7163 | D:9      | 7163 ||| RETREEEEATING.
  7172 | D:9      | 7172 ||| RETREEEEATING.
  7195 | D:9      | HP: 13/61 [centaur/arrow (7)]
  7196 | D:9      | 7196 ||| READING 9 scrolls of teleportation.
  7197 | D:9      | HP: 5/61 [centaur/arrow (2)]
  7539 | D:9      | HP: 14/61 [centaur/arrow (6)]
  7540 | D:9      | 7540 ||| READING 9 scrolls of teleportation.
  7540 | D:9      | HP: 6/61 [centaur/arrow (5)]
  7541 | D:9      | HP: 1/61 [centaur/arrow (6)]
  7541 | D:9      | Shot with an arrow by a centaur

Levels and vault maps discovered:
D:1:      scummos_arrival_hexagon, layout_basic, serial_shops,
          nicolae_shop_crystal
D:2:      layout_basic, minmay_strange_pillars
D:3:      layout_rooms, serial_curves, eino_curves_04, eino_curves_03,
          eino_curves_03, eino_curves_01
D:4:      kennysheep_kobold_camp, layout_cave_pools,
          nicolae_hepliaklqana_monster_ancestors, chequers_ossuary_entry_cave,
          serial_bayou_pond_b, uniq_grinder, uniq_sigmund, uniq_edmund
D:5:      layout_rooms, okawaru_altar_gauntlet_db, temple_green,
          gup_sewer_entry_spiral, ebering_ghost_sewer_f, nicolae_elemental_shop,
          dreamdust_mushroom_princess
D:6:      layout_basic, mainiacjoe_overflow_small_starburst,
          nicolae_nh_ransacked_shop
D:7:      layout_cave_pools, nicolae_overflow_macrodata_refinement,
          serial_shops, shop, minivault_26, uniq_maggie
D:8:      layout_basic, roderic_roman_lattice
D:9:      layout_basic, serial_shops, shop, chequers_garden, centaur_isle

Skill      XL: |  1  2  3  4  5  6  7  8  9 10 |
---------------+-------------------------------+-----
Ranged Weapons | 6 7 8 9 10 12 14 | 14.0
Fighting       | 3 5 6 |  6.6
Armour         | 1 2 3 |  3.0
Dodging        | 3 4 8 9 |  9.0
Invocations    | 2 4 |  4.0
Stealth        | |  1.2

Action                     |  1- 3 |  4- 6 |  7- 9 | 10-12 || total
---------------------------+-------+-------+-------+-------++-------
   Fire: Shortbow          |   125 |    80 |   409 |   164 ||   778
 Invoke: Heroism           |       |       |     2 |     1 ||     3
  Evoke: Wand              |       |     4 |       |       ||     4
    Use: Scroll            |     9 |     3 |    12 |     6 ||    30
         Potion            |     1 |     2 |     6 |       ||     9
 Armour: Leather armour    |    32 |     2 |       |       ||    34
         Ring mail         |       |    20 |    98 |   126 ||   244
  Dodge: Dodged            |    43 |    14 |   109 |   159 ||   325

Table legend:
 A = Non-vault XP
 B = Vault XP
 C = Vault XP percentage of total XP
 D = Non-vault monster count
 E = Vault monster count
 F = Vault count percentage of total count
                 A         B        C        D         E       F
            +---------+---------+-------+---------+---------+-------
      Total |    6443 |    1419 |  18.0 |     153 |      60 |  28.2
            +---------+---------+-------+---------+---------+-------
        D:1 |      43 |       0 |   0.0 |      24 |       0 |   0.0
        D:2 |      39 |       0 |   0.0 |      17 |       0 |   0.0
        D:3 |      87 |       0 |   0.0 |      10 |       0 |   0.0
        D:4 |     302 |     772 |  71.9 |      19 |      26 |  57.8
        D:5 |     532 |      72 |  11.9 |      14 |      12 |  46.2
        D:6 |    1272 |      49 |   3.7 |      22 |       4 |  15.4
        D:7 |    1799 |     389 |  17.8 |      16 |       1 |   5.9
        D:8 |     402 |       0 |   0.0 |       7 |       0 |   0.0
        D:9 |    1967 |     112 |   5.4 |      24 |       1 |   4.0
      Sewer |       0 |      25 | 100.0 |       0 |      16 | 100.0
            +---------+---------+-------+---------+---------+-------
